cohdb
Replays
Latest Replays
All Replays
Popular Replays
Top Player Replays
Match Explorer
How It Works
Community
CoH3 Stats
Reddit
Sign in to upload your games and track your stats! →
Sign in with Steam
Match 45556540
Unlisted
Match 45556540
Overview
Messages
Build Orders
End
Scout Squad
Construct Barracks
Selects Armored Battlegroup
Selects Veteran Crews
Construct Barracks
Riflemen Squad
1⁄4-ton 4x4 Truck
Riflemen Squad
Mechanized Support Center
Grenade Package
Construct Weapon Support Center
Riflemen Squad
M3 Armored Personnel Carrier
Selects Strength in Steel
.30 cal Machine Gun
Construct Tank Depot
M4A1 Sherman Medium Tank
M3 Armored Personnel Carrier
Selects M8 Scott SPG
M8 Scott SPG
Theprophetfire
madgf10
MeeeSHuGgaHH
Jeenx
Geoffrey Bisol
✠KREUZZUG✠
KoalaImpala
Tanith's Finest
0
0
Comments
sign in to comment!
No comments posted yet!